AoeStats
← 小生怕怕

Black Forest

509905262Analyzed
2v2 RM · 4d ago on Sep 28, 2026· 49m 14s· 4 players
Game mode
Random Map
Map size
Medium (4 player)
Population
200
Speed
Normal
Resources
Standard
Victory
Conquest
Starting age
Dark Age
Ending age
Imperial Age
RankedLock teamsTeams togetherTeam positionsShared explorationLock speedFull tech treeHidden civsTurbo modeCheats
Victory
Defeat
🇨🇳 Mongols · China
1503
+10
🇫🇷 Poles · France
1234
+20
🇲🇽 Franks · Mexico
1388
-17
🇷🇺 Poles · Russia
1308
-13
Wachis
1:21 Loom
12:15 Feudal Age
12:23 Man-at-Arms
13:13 Double-Bit Axe
21:28 Castle Age
19:57 Gold Mining
19:59 Stone Mining
21:25 Wheelbarrow
22:54 Scale Barding Armor
24:25 Husbandry
27:57 Hand Cart
34:09 Imperial Age
32:54 Gold Shaft Mining
34:16 Cavalier
36:18 Chemistry
35:31 Forging
35:43 Chain Barding Armor
35:53 Bow Saw
36:36 Conscription
36:18 Paladin
39:28 Iron Casting
41:21 Chivalry
41:47 Fortified Wall
41:58 Ballistics
41:20 Treadmill Crane
41:51 Masonry
41:48 Scale Mail Armor
44:07 Blast Furnace
43:42 Plate Barding Armor
43:22 Chain Mail Armor
42:50 Light Cavalry
43:41 Fletching
43:51 Padded Archer Armor
43:39 Gambesons
43:55 Squires
44:59 Elite Skirmisher
46:12 Architecture
45:37 Murder Holes
45:48 Siege Engineers
48:20 Hoardings
48:08 Bodkin Arrow
48:29 Leather Archer Armor
49:05 Leather Archer Armor
Lastik
2:26 Loom
11:29 Feudal Age
16:05 Castle Age
14:23 Double-Bit Axe
15:08 Horse Collar
17:28 Heavy Plow
17:44 Bow Saw
23:58 Gold Mining
26:18 Wheelbarrow
28:59 Imperial Age
26:37 Stone Mining
27:05 Squires
28:05 Scale Mail Armor
28:16 Forging
27:54 Arson
28:56 Stone Shaft Mining
29:13 Onager
30:22 Conscription
30:41 Hand Cart
30:44 Chain Mail Armor
31:50 Crop Rotation
31:51 Elite Obuch
33:30 Plate Mail Armor
33:36 Iron Casting
34:52 Capped Ram
36:36 Blast Furnace
35:52 Siege Ram
Hamidouche
0:26 Loom
13:06 Feudal Age
17:27 Castle Age
15:28 Double-Bit Axe
16:13 Horse Collar
24:33 Town Watch
25:19 Bow Saw
26:44 Wheelbarrow
31:34 Imperial Age
30:30 Hand Cart
30:27 Heavy Plow
30:30 Scale Mail Armor
30:40 Forging
30:36 Gold Mining
31:10 Fortified Wall
31:49 Masonry
31:19 Treadmill Crane
32:50 Fletching
33:16 Chain Mail Armor
34:20 Chemistry
34:38 Squires
34:24 Elite Obuch
35:37 Bodkin Arrow
36:09 Ballistics
35:54 Murder Holes
36:56 Ballistics
37:34 Light Cavalry
38:24 Bloodlines
38:15 Husbandry
40:37 Szlachta Privileges
40:53 Conscription
40:56 Lechitic Legacy
41:49 Crop Rotation
41:53 Plate Mail Armor
41:29 Scale Barding Armor
42:30 Pikeman
43:49 Iron Casting
43:15 Bracer
43:39 Arson
44:08 Siege Engineers
46:58 Blast Furnace
45:58 Padded Archer Armor
47:06 Hoardings
46:52 Chain Barding Armor
46:34 Onager
47:39 Capped Ram
小生怕怕
0:55 Loom
13:54 Feudal Age
20:07 Castle Age
19:48 Double-Bit Axe
23:44 Fletching
26:23 Bodkin Arrow
28:31 Town Watch
28:48 Horse Collar
30:19 Ballistics
30:54 Bloodlines
32:44 Wheelbarrow
34:41 Husbandry
34:50 Gold Mining
35:17 Thumb Ring
35:45 Fortified Wall
36:07 Padded Archer Armor
40:23 Imperial Age
39:32 Leather Archer Armor
41:23 Bracer
42:25 Chemistry
41:59 Parthian Tactics
42:37 Conscription
42:07 Elite Mangudai
43:38 Masonry
44:32 Stone Mining
45:21 Gold Shaft Mining
46:29 Caravan
47:25 Heavy Plow
Connection lost

Rejoining the realm…

Still unreachable

The connection could not be restored.

Session expired

The server has moved on; the page needs a fresh start.